 Dungeon Crawl Stone Soup version 0.31-a0-656-gb4d89c20fa (webtiles) character file.

Game seed: 7353679718883549267

394 GoblinPMC the Cudgeller (level 6, -3/79 (82) HPs)
             Began as a Minotaur Berserker on Aug 30, 2023.
             Was a Believer of Trog.
             Slain by a wight
             ... wielding a +3 spear
              (4 damage)
             ... on level 6 of the Dungeon.
             The game lasted 00:26:07 (2178 turns).

GoblinPMC the Cudgeller (Minotaur Berserker)        Turns: 2178, Time: 00:26:07

HP:   -3/79 (82)    AC: 23    Str: 24    XL:     6   Next: 52%
MP:   5/5           EV:  2    Int:  4    God:    Trog [**....]
Gold: 142           SH:  4    Dex:  9    Spells: 5/5 levels left

rFire   + . .        a - +0 mace {Killing3}
rCold   x . .        f - +0 buckler
rNeg    . . .        z - melded +0 chain mail
rPois   +            (helmet currently unavailable)
rElec   .            p - melded scarf {shadows}
rCorr   .            (gloves currently unavailable)
SInv    .            (boots currently unavailable)
Will    .....        (no amulet)
Stlth   +            q - ring of fire
HPRegen 0.33/turn    (no ring)
MPRegen 0.09/turn

%: no passive effects
@: tree-form, weakened, on berserk cooldown, slowed, lightly drained, very slow
A: stationary, stasis, torment immunity, boosted hp, (horns 2), (retaliatory
headbutt)
a: Renounce Religion, Berserk, Trog's Hand


You were on level 6 of the Dungeon.
You worshipped Trog.
Trog was pleased with you.
You were a tree.
You visited 1 branch of the dungeon, and saw 4 of its levels.

You collected 142 gold pieces.

Inventory:

Hand Weapons
 a - a +0 mace (weapon) {Killing3}
 c - a +0 dagger
 d - a +0 whip
 g - a +0 mace
 o - a +0 hand axe
 t - a +0 mace
 v - a +0 club
 A - a +0 mace
 B - a +2 battleaxe of electrocution
Missiles
 e - 12 stones
 k - 6 datura-tipped darts
Armour
 b - a +0 animal skin
 f - a +0 buckler (worn)
 i - a +0 ring mail
 m - a +1 ring mail of fire resistance
 p - a scarf of shadows (melded)
 s - a +0 scale mail
 w - a +0 scale mail
 z - a +0 chain mail (melded)
Jewellery
 q - a ring of fire (left branch)
Wands
 u - a wand of light (10)
Scrolls
 h - a scroll of teleportation {unknown}
 j - 5 scrolls of identify {unknown}
 l - a scroll of silence {unknown}
 n - a scroll of revelation {unknown}
 y - a scroll of blinking {unknown}
Potions
 x - a potion of invisibility {unknown}


   Skills:
 + Level 4.9 Fighting
 + Level 5.7 Maces & Flails
 + Level 5.0 Armour
 + Level 3.1 Dodging
 + Level 0.2 Stealth
 + Level 2.3 Shields


You had 5 spell levels left.
You didn't know any spells.
Your spell library contained the following spells:

 Spells                   Type           Power      Damage    Failure   Level
 Inner Flame              Hex/Fire       0%         N/A       90%         3
 Yara's Violent Unravell  Hex/Tmut       0%         3d3       100%        5
 Enfeeble                 Hex            0%         N/A       100%        7


Dungeon Overview and Level Annotations

Branches:
Dungeon (3/15)             Temple (0/1) D:6

Altars:

Shops:
D:6 [


Innate Abilities, Weirdness & Mutations

You are a tree.
Your roots penetrate the ground, keeping you stationary.
You cannot be teleported.
You are immune to unholy pain and torment.
Your maximum health is greatly increased.
Your equipment is partially melded.
((You have a pair of horns on your head.))
((You reflexively headbutt those who attack you in melee.))


Message History

The gnoll hits you with a +0 flail.
* * * LOW HITPOINT WARNING * * *
You completely miss the gnoll bouda.
The gnoll bouda is severely wounded.
The gnoll hits you but does no damage.
The gnoll hits you from afar with a +0 spear.
* * * LOW HITPOINT WARNING * * *
The gnoll bouda hits you but does no damage.
The wight hits you but does no damage.
A wight comes into view. It is wielding a +0 long sword.
The gnoll hits you but does no damage. The gnoll barely misses you.
The gnoll hits you but does no damage.
Unknown command.
Unknown command.
You hit the gnoll bouda but do no damage.
The gnoll bouda is severely wounded.
The gnoll is no longer moving quickly.
The gnoll bouda hits you with a +0 club.
* * * LOW HITPOINT WARNING * * *
The wight hits you from afar with a +3 spear.
* * * LOW HITPOINT WARNING * * *
You feel drained.
* * * LOW HITPOINT WARNING * * *
The gnoll barely misses you.
The gnoll hits you but does no damage. x2
The wight hits you but does no damage. You block the gnoll bouda's attack.
The gnoll hits you with a +0 flail.
* * * LOW HITPOINT WARNING * * *
You're still recovering from your berserk rage.
Unknown command.
You hit the gnoll bouda but do no damage.
The gnoll bouda is severely wounded.
Your skin stops crawling.
You feel less strong-willed.
The gnoll is no longer moving quickly.
The gnoll hits you from afar with a +0 spear.
* * * LOW HITPOINT WARNING * * *
The gnoll hits you but does no damage.
The gnoll bouda barks out a call to the hunt!
The gnolls pick up the pace!
The wight hits you from afar with a +3 spear.
You die...

#..'.......+
#.##.......#
#.##.......#
#.##########
###.# ##...#
####..###
##....##########
#>.....)♣gz.....
#####.∩#ggg.z###
.....'.....'..
#####.#.....###
.######## .. .>.
..


You could see a gnoll bouda, 2 wights and 3 gnolls.

Vanquished Creatures
  A water moccasin (D:3)
  3 wights (D:6)
  Terence (D:2)
  An orc wizard (D:2)
  4 adders
  2 dart slugs
  3 orcs
  11 bats
  An endoplasm (D:2)
  2 giant cockroaches (D:2)
  7 goblins
  5 hobgoblins
  2 kobolds
  2 quokkas
  4 ball pythons
  3 frilled lizards
  3 rats
55 creatures vanquished.

Notes
Turn   | Place    | Note
-------+----------+-------------------------------------------
     0 | D:1      | GoblinPMC the Minotaur Berserker began the quest for the
                  | Orb.
     0 | D:1      | Reached XP level 1. HP: 19/19 MP: 0/0
    94 | D:1      | Reached XP level 2. HP: 8/27 MP: 1/1
   318 | D:1      | Found a faded altar of an unknown god.
   558 | D:2      | Reached XP level 3. HP: 32/33 MP: 2/2
   856 | D:2      | Reached skill level 1 in Shields
   856 | D:2      | Reached XP level 4. HP: 12/41 MP: 3/3
  1009 | D:2      | Noticed Terence
  1011 | D:2      | Reached ** piety under Trog
  1019 | D:2      | Killed Terence
  1315 | D:3      | Reached skill level 5 in Maces & Flails
  1633 | D:3      | Noticed a water moccasin
  1648 | D:3      | Killed a water moccasin
  1649 | D:3      | Reached XP level 5. HP: 27/47 MP: 4/4
  2120 | D:3      | You fall into a shaft and drop 3 floors!
  2153 | D:6      | Found Xestroreu's Armour Emporium.
  2162 | D:6      | Reached XP level 6. HP: 55/55 MP: 5/5
  2163 | D:6      | Found a staircase to the Ecumenical Temple.
  2164 | D:6      | Reached skill level 5 in Armour
  2177 | D:6      | HP: 2/79 [gnoll/+0 flail[a gnoll bouda] (5)]
  2178 | D:6      | Slain by a wight

Illustrated notes

Levels and vault maps discovered:
D:1:      roderic_chinese_lattice_arrival, layout_basic,
          dreamdust_ecumenical_altar_grove
D:2:      layout_basic, uniq_terence
D:3:      minmay_spotlight, layout_basic, minmay_puff
D:6:      layout_basic, okawaru_trees_1, minmay_temple_entry_statues_pillars,
          serial_shops, shop, uniq_pikel

Skill      XL: |  1  2  3  4  5  6 |
---------------+-------------------+-----
Fighting       | 4 |  4.9
Maces & Flails | 4 5 |  5.7
Armour         | 3 4 5 |  5.0
Shields        | 1 2 |  2.3
Dodging        | 3 |  3.1
Stealth        | |  0.2

Action                     |  1- 3 |  4- 6 || total
---------------------------+-------+-------++-------
  Melee: Mace              |    81 |    55 ||   136
         Punch             |     1 |       ||     1
         Headbutt          |     6 |     6 ||    12
 Invoke: Berserk           |     3 |     3 ||     6
         Trog's Hand       |       |     1 ||     1
    Use: Potion            |       |     1 ||     1
 Armour: Animal skin       |     5 |       ||     5
         Ring mail         |    25 |    13 ||    38
         Chain mail        |       |    13 ||    13
         Skin              |       |    16 ||    16
  Dodge: Dodged            |    48 |    48 ||    96
  Block: Buckler           |    11 |    24 ||    35

Table legend: (Time is in decaauts)
 A = Elapsed time spent in this place.
 B = Non-inter-level travel time spent in this place.
 C = Inter-level travel time spent in this place.
 D = Time resting spent in this place.
 E = Time spent auto-exploring this place.
 F = Levels seen in this place.
 G = Mean time per level.
                   A        B        C        D        E       F      G
               +--------+--------+--------+--------+--------+-----+--------+
         Total |   2260 |   2223 |     37 |      0 |      0 |   4 |  565.0 |
       Dungeon |   2260 |   2223 |     37 |      0 |      0 |   4 |  565.0 |
               +--------+--------+--------+--------+--------+-----+--------+

Top non-repeatable levels by time:
     D:3: 880 daAuts
     D:2: 799 daAuts
     D:1: 516 daAuts
     D:6: 64 daAuts
